 Dungeon Crawl Stone Soup version 0.28.0-47-ge53b351184 (webtiles) character file.

Game seed: 12478404272124043598

137 nickcage the Conjurer (level 5, -4/28 HPs)
             Began as a Deep Elf Conjurer on May 10, 2022.
             Slain by Crazy Yiuf
             ... wielding a +4 quarterstaff of chaos
              (12 damage)
             ... on level 3 of the Dungeon.
             The game lasted 00:06:53 (2476 turns).

nickcage the Conjurer (Deep Elf Conjurer)           Turns: 2476, Time: 00:06:56

Health: -4/28      AC:  3    Str:  4    XL:     5   Next: 0%
Magic:  6/13       EV: 12    Int: 25    God:
Gold:   88         SH:  0    Dex: 13    Spells: 5/12 levels left

rFire   . . .      SeeInvis .   d - +0 rapier
rCold   . . .      Faith    .   (no shield)
rNeg    . . .      Spirit   .   a - +0 robe
rPois   .          Reflect  .   (no helmet)
rElec   .          Harm     .   (no cloak)
rCorr   .          Rampage  .   (no gloves)
Will    .....                   b - +0 pair of boots
Stlth   ++........              (no amulet)
HPRegen 0.09/turn               (no ring)
MPRegen 0.13/turn               (no ring)

@: no status effects
A: no striking features
a: no special abilities


You were on level 3 of the Dungeon.
You visited 1 branch of the dungeon, and saw 3 of its levels.

You collected 88 gold pieces.

Inventory:

Hand Weapons
 d - a +0 rapier (weapon)
Armour
 a - a +0 robe (worn)
 b - a +0 pair of boots (worn)
Wands
 k - a wand of polymorph (3)
Scrolls
 c - 3 scrolls of identify {unknown}
 e - a scroll of immolation {unknown}
 f - 2 scrolls of acquirement {unknown}
 g - 3 scrolls of blinking {unknown}
 i - 4 scrolls of teleportation {unknown}
 j - a scroll of noise {unknown}
 l - a scroll of fog {unknown}
Potions
 h - a potion of berserk rage {unknown}


   Skills:
 - Level 2.4 Dodging
 - Level 2.4 Stealth
 + Level 4.4 Spellcasting
 * Level 6.3 Conjurations


You had 5 spell levels left.
You knew the following spells:

 Your Spells              Type           Power      Damage    Failure   Level
a - Magic Dart            Conj           100%       1d8       1%          1
b - Searing Ray           Conj           74%        2d7       1%          2
c - Fulminant Prism       Conj/Hex       10%        3d9       24%         4

Your spell library contained the following spells:

 Spells                   Type           Power      Damage    Failure   Level
 Static Discharge         Conj/Air       21%        N/A       3%          2
 Dazzling Flash           Conj/Hex       42%        N/A       7%          3
 Sting                    Tmut/Pois      20%        1d4       9%          1
 Iskenderun's Mystic Bla  Conj/Tloc      21%        2d6       24%         4
 Freezing Cloud           Conj/Ice/Air   8%         6-21      71%         5
 Statue Form              Tmut/Erth      3%         N/A       100%        6


Dungeon Overview and Level Annotations

Branches:
Dungeon (3/15)

Altars:
Cheibriados

Annotations:
D:3 Crazy Yiuf


Message History

The magic dart hits the giant cockroach.
The giant cockroach is severely wounded.
The giant cockroach bites you but does no damage.
The magic dart hits the giant cockroach!
You kill the giant cockroach!
You have reached level 5!
You see here a giant cockroach corpse.
There is a stone staircase leading down here.
You see here a +0 hand axe.
There is an open door here.
Found a stone staircase leading down.
Found a stone staircase leading up.
There is a stone staircase leading up here.
You open the door.
There is an open door here.
There is an open door here.
Found a long sword.
You see here a +0 long sword.
Found a mace.
Found a runed translucent door.
You open the door.
The searing ray hits Crazy Yiuf.
Crazy Yiuf is lightly wounded.
Crazy Yiuf shouts! (Press . to maintain the ray.)
The searing ray hits Crazy Yiuf but does no damage.
Crazy Yiuf is lightly wounded.
The searing ray hits Crazy Yiuf.
Crazy Yiuf is moderately wounded.
The searing ray hits Crazy Yiuf!
Crazy Yiuf is severely wounded.
You finish channelling your searing ray.
Crazy Yiuf hits you with a +4 quarterstaff of chaos.
Crazy Yiuf freezes you.
The searing ray misses Crazy Yiuf. (Press . to maintain the ray.) Crazy Yiuf yells, "Gum!"
Crazy Yiuf hits you with a +4 quarterstaff of chaos!
* * * LOW HITPOINT WARNING * * *
You are electrocuted!
You die...

#.#.#.# #...# #.#
#.#.#.# #...# #.#
#.#.#.# #...# #.#
#.##### ##### ###
#.# ##.##♣♣♣♣♣
#......♣.♣♣♣ ###
#.......♣..♣#...#
#......♣♣♣♣@g...#
##....♣♣ ♣♣#..)#
####♣♣ ###


You could see Crazy Yiuf.

Vanquished Creatures
  An orc priest (D:3)
  Terence (D:3)
  An adder (D:2)
  3 worms (D:2)
  3 dart slugs
  3 orcs (D:3)
  5 bats
  3 endoplasms (D:1)
  5 giant cockroaches
  2 goblins
  4 hobgoblins
  4 jackals (D:1)
  2 quokkas (D:1)
  2 ball pythons
  3 frilled lizards
  7 kobolds
  7 rats
56 creatures vanquished.

Notes
Turn   | Place    | Note
-------+----------+-------------------------------------------
     0 | D:1      | nickcage the Deep Elf Conjurer began the quest for the Orb.
     0 | D:1      | Reached XP level 1. HP: 10/10 MP: 6/6
   156 | D:1      | Reached XP level 2. HP: 15/15 MP: 4/8
   160 | D:1      | Learned a level 2 spell: Searing Ray
   241 | D:1      | Reached skill level 5 in Conjurations
   616 | D:1      | Reached XP level 3. HP: 19/19 MP: 7/9
   896 | D:2      | Found a faded altar of an unknown god.
  1211 | D:2      | Got the Handbook of the Shifting Birds
  1271 | D:2      | Identified the +2 mace of Grontol {vamp, rPois rC+ Int-2
                  | Stlth+}
  1367 | D:2      | Found a snail-covered altar of Cheibriados.
  1769 | D:3      | Reached XP level 4. HP: 24/24 MP: 9/11
  1774 | D:3      | Learned a level 4 spell: Fulminant Prism
  1975 | D:3      | Reached skill level 6 in Conjurations
  2136 | D:3      | Noticed Terence
  2147 | D:3      | Killed Terence
  2253 | D:3      | Reached XP level 5. HP: 28/28 MP: 9/13
  2467 | D:3      | Found a runed translucent door.
  2468 | D:3      | Noticed Crazy Yiuf
  2476 | D:3      | Slain by Crazy Yiuf

Illustrated notes

Levels and vault maps discovered:
D:1:      dpeg_arrival_tiny_a, layout_rooms
D:2:      layout_loops_ring, nicolae_ecumenical_pavilion, basic_altar
D:3:      layout_basic, uniq_natasha, uniq_crazy_yiuf_cottage, uniq_terence

Skill      XL: |  1  2  3  4 |
---------------+-------------+-----
Conjurations   | 5 6 |  6.3
Spellcasting   | 4 |  4.4
Dodging        | |  2.4
Stealth        | |  2.4

Action                   |  1- 3 |  4- 6 || total
-------------------------+-------+-------++-------
 Cast: Magic Dart        |    75 |    24 ||    99
       Searing Ray       |     2 |     5 ||     7
Armor: Robe              |     2 |     1 ||     3
Dodge: Dodged            |     2 |     1 ||     3
